 Dungeon Crawl Stone Soup version 0.31-a0-236-g9a0961fb85 (webtiles) character file.

Game seed: 15122644228561176203

51 qw the Shooter (level 3, -3/29 HPs)
             Began as a Minotaur Hexslinger on July 9, 2023.
             Slain by a gnoll
             ... wielding a +0 spear
              (6 damage)
             ... on level 2 of the Dungeon.
             The game lasted 00:00:25 (1224 turns).

qw the Shooter (Minotaur Hexslinger)                Turns: 1224, Time: 00:00:26

Health: -3/29      AC:  5    Str: 12    XL:     3   Next: 57%
Magic:  3/3        EV: 11    Int: 10    God:
Gold:   10         SH:  0    Dex: 14    Spells: 3/4 levels left

rFire   . . .        Y - +1 sling
rCold   . . .        (no shield)
rNeg    . . .        g - +0 ring mail
rPois   .            (helmet restricted)
rElec   .            (no cloak)
rCorr   .            (no gloves)
SInv    .            (no boots)
Will    .....        (no amulet)
Stlth   +            (no ring)
HPRegen 0.24/turn    (no ring)
MPRegen 0.08/turn

%: no passive effects
@: no status effects
A: horns 2, retaliatory headbutt
a: no special abilities


You were on level 2 of the Dungeon.
You visited 1 branch of the dungeon, and saw 2 of its levels.

You collected 38 gold pieces.
You spent 28 gold pieces at shops.


Innate Abilities, Weirdness & Mutations

You have a pair of horns on your head.
You reflexively headbutt those who attack you in melee.


   Skills:
 - Level 2.0 Fighting
 - Level 4.1 Ranged Weapons
 + Level 0.0 Armour
 - Level 2.1 Dodging
 - Level 1.0 Spellcasting
 - Level 2.0 Hexes


You had 3 spell levels left.
You knew the following spells:

 Your Spells              Type           Power      Damage    Failure   Level
a - Slow                  Hex            16%        N/A       34%         1

Your spell library contained the following spells:

 Spells                   Type           Power      Damage    Failure   Level
 Inner Flame              Hex/Fire       2%         N/A       83%         3
 Portal Projectile        Hex/Tloc       4%         N/A       83%         3
 Cause Fear               Hex            2%         N/A       98%         4

Inventory:

Hand Weapons
 Y - a +1 sling (weapon)
Armour
 g - a +0 ring mail (worn)
Jewellery
 h - a ring of fire
Scrolls
 c - a scroll of blinking {unknown}
 i - 2 scrolls of identify
 k - a scroll of immolation {unknown}
 l - a scroll of butterflies {unknown}
Potions
 b - a potion of mutation {unknown}
 d - a potion of might {unknown}
 e - a potion of attraction {unknown}
 f - 2 potions of curing {unknown}
 j - a potion of berserk rage {unknown}

Dungeon Overview and Level Annotations

Branches:
Dungeon (2/15)

Altars:

Shops:
D:2 *

Annotations:
D:2 exclusion: gnoll


Message History

Enter note:
Enter note:
1215 ||| Stepping ~*~*~tactically~*~*~ (outnumbered).
You shoot a sling bullet. The sling bullet hits the gnoll.
The gnoll is moderately wounded.
The gnoll hits you from afar with a +0 spear!
You shoot a sling bullet. The sling bullet hits the gnoll.
The gnoll is heavily wounded.
The gnoll hits you from afar with a +0 spear. x2
Enter note:
Enter note:
Enter note:
Enter note:
Enter note:
Enter note:
1218 ||| READING scroll labelled RIFOOSILOYLL.
As you read the scroll labelled RIFOOSILOYLL, it crumbles to dust.
Your body is wracked with pain!
The gnoll convulses!
It was a scroll of torment.
The gnoll barely misses you.
Enter note:
Enter note:
Enter note:
Enter note: You shoot a sling bullet.
The sling bullet hits the gnoll!
You kill the gnoll!
You hear a shout!
Your Ranged Weapons skill increases to level 4!
You shoot a sling bullet.
The sling bullet barely misses the gnoll.
The gnoll hits you with a +0 whip.
You shoot a sling bullet.
The sling bullet hits the gnoll but does no damage.
The gnoll closely misses you. The gnoll hits you but does no damage.
You shoot a sling bullet. The sling bullet hits the gnoll.
The gnoll is moderately wounded.
The gnoll hits you with a +0 whip.
You shoot a sling bullet.
The sling bullet closely misses the gnoll.
The gnoll hits you from afar with a +0 spear.
You die...

##...## ##.## ##.## #.#
##'## #.# ##...## #.#
##.....## #.##
##.......## #..##
#.........####...########
+.........+......gg......
#.....<...####..@#.######
##.......## ##.##.#
##.....## ### g# ##...##
.# ##'## g# #####.### .#
#.......# ## #.###.#.#
#.##....#


You could see 2 gnolls.

Vanquished Creatures
  An adder (D:2)
  A gnoll (D:2)
  2 dart slugs
  3 endoplasms
  A giant cockroach (D:2)
  4 hobgoblins
  A kobold (D:1)
  3 ball pythons (D:1)
  3 bats
  A frilled lizard (D:1)
  3 goblins (D:1)
  5 rats
28 creatures vanquished.

Notes
Turn   | Place    | Note
-------+----------+-------------------------------------------
     0 | D:1      | qw the Minotaur Hexslinger began the quest for the Orb.
     0 | D:1      | Reached XP level 1. HP: 16/16 MP: 1/1
     0 | D:1      | 0 ||| qw: Version: 0.3-a-51-g015441d
     0 | D:1      | 0 ||| qw: Game counter: 4433
     0 | D:1      | 0 ||| qw: Melee chars always use a shield: true
     0 | D:1      | 0 ||| qw: God list: Okawaru
     0 | D:1      | 0 ||| qw: Allow faded altars: false
     0 | D:1      | 0 ||| qw: Do Orc after clearing Dungeon:15 true
     0 | D:1      | 0 ||| qw: Do second Lair branch before Depths: true
     0 | D:1      | 0 ||| qw: Lair rune preference: random
     0 | D:1      | 0 ||| qw: Goals: Normal
     0 | D:1      | 0 ||| PLANNING D:1-11
    73 | D:1      | Reached skill level 3 in Ranged Weapons
    87 | D:1      | Reached XP level 2. HP: 17/23 MP: 2/2
   594 | D:1      | 594 ||| UPGRADING to +0 ring mail.
   604 | D:1      | 604 ||| DROPPING +0 robe.
   605 | D:1      | 605 ||| READING scroll labelled SAZY BUQAAKLUZ.
   606 | D:1      | 606 ||| DROPPING scroll of poison.
   681 | D:2      | 681 ||| FLEEEEING.
   682 | D:2      | 682 ||| FLEEEEING.
   839 | D:2      | Reached XP level 3. HP: 8/29 MP: 3/3
   839 | D:2      | HP: 6/29 [poisoned by an adder]
   844 | D:2      | HP: 3/29 [poisoned by an adder]
  1066 | D:2      | Found Cocusk's General Store.
  1152 | D:2      | 1152 ||| SHOPLISTING +0 sling of flaming (65 gold, have
                  | 38).
  1152 | D:2      | 1152 ||| SHOPLISTING potion of heal wounds (70 gold, have
                  | 38).
  1152 | D:2      | 1152 ||| SHOPLISTING ring of poison resistance (280 gold,
                  | have 38).
  1152 | D:2      | 1152 ||| BUYING scroll of identify (28 gold).
  1152 | D:2      | Bought a scroll of identify for 28 gold pieces
  1152 | D:2      | 1152 ||| SHOPLISTING scroll of teleportation (42 gold, have
                  | 10).
  1215 | D:2      | 1215 ||| Stepping ~*~*~tactically~*~*~ (outnumbered).
  1218 | D:2      | 1218 ||| READING scroll labelled RIFOOSILOYLL.
  1221 | D:2      | Reached skill level 4 in Ranged Weapons
  1221 | D:2      | HP: 5/29 [gnoll/+0 whip (4)]
  1223 | D:2      | HP: 2/29 [gnoll/+0 whip (3)]
  1224 | D:2      | Slain by a gnoll

Levels and vault maps discovered:
D:1:      dpeg_arrival_radiant, layout_rooms, minmay_box_of_dots
D:2:      layout_loops_corners, serial_shops, nicolae_shop_tiny_glass

Skill      XL: |  1  2  3 |
---------------+----------+-----
Ranged Weapons | 3 4 |  4.1
Fighting       | 2 |  2.0
Dodging        | |  2.1
Spellcasting   | |  1.0
Hexes          | |  2.0

Action                     || total
---------------------------++-------
   Fire: Sling             ||    88
    Use: Scroll            ||     2
 Armour: Robe              ||     8
         Ring mail         ||     3
  Dodge: Dodged            ||    28

Table legend:
 A = Non-vault XP
 B = Vault XP
 C = Vault XP percentage of total XP
 D = Non-vault monster count
 E = Vault monster count
 F = Vault count percentage of total count
                 A         B        C        D         E       F
            +---------+---------+-------+---------+---------+-------
      Total |      69 |       4 |   5.5 |      25 |       3 |  10.7
            +---------+---------+-------+---------+---------+-------
        D:1 |      28 |       4 |  12.5 |      17 |       3 |  15.0
        D:2 |      41 |       0 |   0.0 |       8 |       0 |   0.0
            +---------+---------+-------+---------+---------+-------
